 Dungeon Crawl Stone Soup version 0.27.1-15-g792fb953b9 (webtiles) character file.

Game seed: 462379489233421497

84 croobank the Ruffian (level 4, -9/23 HPs)
             Began as a Vine Stalker Fighter on Nov 19, 2021.
             Mangled by a kobold (13 damage)
             ... on level 3 of the Dungeon.
             The game lasted 00:08:13 (2386 turns).

croobank the Ruffian (Vine Stalker Fighter)         Turns: 2386, Time: 00:08:22

Health: -9/23      AC:  7    Str: 20    XL:     4   Next: 45%
Magic:  0/5        EV:  7    Int:  8    God:
Gold:   92         SH:  9    Dex: 13    Spells: 3/3 levels left

rFire    . . .     SeeInvis .     - Unarmed
rCold    . . .     Faith    .   b - +0 kite shield
rNeg     . . .     Spirit   +   a - +0 scale mail
rPois    .         Reflect  .   (no helmet)
rElec    .         Harm     .   (no cloak)
rCorr    .         Rampage  .   (no gloves)
Will     .....                  m - +0 pair of boots
Stlth    ..........             (no amulet)
HPRegen  1.07/turn              (no ring)
MPRegen  0.09/turn              (no ring)

@: no status effects
A: fangs 2, regeneration 1, magic shield, antimagic bite, no potion heal 2
a: no special abilities


You were on level 3 of the Dungeon.
You visited 1 branch of the dungeon, and saw 3 of its levels.

You collected 92 gold pieces.

Inventory:

Hand Weapons
 f - a +0 spear
 g - a +2 vampiric dagger
Missiles
 j - 61 stones (quivered)
Armour
 a - a +0 scale mail (worn)
 b - a +0 kite shield (worn)
 d - a +0 chain mail
 m - a +0 pair of boots (worn)
Scrolls
 e - 3 scrolls of amnesia
 h - a scroll of teleportation
 i - a scroll of fear
Potions
 c - 2 potions of might
 k - a potion of berserk rage
 l - a potion of attraction


   Skills:
 - Level 2.8 Fighting
 - Level 2.6 Armour
 + Level 0.1 Stealth
 - Level 2.9 Shields
 + Level 4.0 Unarmed Combat


You had 3 spell levels left.
You didn't know any spells.
Your spell library was empty.

Dungeon Overview and Level Annotations

Branches:
Dungeon (3/15)

Altars:

Annotations:
D:3 Natasha


Innate Abilities, Weirdness & Mutations

You have extremely sharp teeth.
Your natural rate of healing is unusually fast.
When hurt, damage is shared between your health and your magic reserves.
Your bite disrupts and absorbs the magic of your enemies.
Potions cannot restore your health.


Message History

Magic restored.
You start resting.
HP restored.
Okay, then.
Okay, then.
Found 11 bolts.
You see here 11 bolts.
Found a scroll of identify.
A dart slug comes into view.
The dart slug launches a dart at you.
The slug dart hits you but does no damage.
You hit the dart slug.
You bite the dart slug, but do no damage.
The dart slug is moderately wounded.
The dart slug launches a dart at you. You block the slug dart.
You punch the dart slug!
You kill the dart slug!
Your Unarmed Combat skill increases to level 4!
You see here a dart slug corpse.
n - a scroll of identify
As you read the scroll of identify, it crumbles to dust.
l - a potion of attraction A kobold comes into view.
It is wielding a +2 whip of electrocution.
The kobold shouts!
Natasha, Servant of Life and Death comes into view.
Natasha hisses angrily.
The kobold hits you with a +2 whip of electrocution.
You are electrocuted!!
Ouch! That really hurt!
Natasha casts a spell at you. The magic dart hits you.
* * * LOW HITPOINT WARNING * * *
You closely miss the kobold.
A goblin comes into view. It is wielding a +0 dagger.
The kobold hits you with a +2 whip of electrocution.
* * * LOW HITPOINT WARNING * * *
You are electrocuted!
Ouch! That really hurt!
You die...

#g# #.# #.# #.#
#.# #.# ## #K#
....###@###
..........#
#.#####.#..h...
#.####.## #.#
#.# #.# #.# #.#
#.# #.# #.# #.#
#.#


You could see Natasha, a goblin (wandering) and a kobold.

Vanquished Creatures
  2 adders
  3 dart slugs
  4 orcs (D:2)
  5 ball pythons (D:1)
  6 endoplasms
  3 giant cockroaches
  7 goblins
  3 hobgoblins
  3 quokkas
  2 bats (D:1)
  3 frilled lizards
  4 kobolds
  8 rats
53 creatures vanquished.

Notes
Turn   | Place    | Note
-------+----------+-------------------------------------------
     0 | D:1      | croobank the Vine Stalker Fighter began the quest for the
                  | Orb.
     0 | D:1      | Reached XP level 1. HP: 11/11 MP: 2/2
   579 | D:1      | Reached XP level 2. HP: 16/16 MP: 3/3
   965 | D:1      | Reached XP level 3. HP: 19/19 MP: 4/4
  1104 | D:1      | Found a faded altar of an unknown god.
  1329 | D:2      | Reached skill level 3 in Unarmed Combat
  1848 | D:2      | Gained mutation: Your natural rate of healing is unusually
                  | fast. [Vine Stalker growth]
  1848 | D:2      | Reached XP level 4. HP: 15/23 MP: 3/5
  2369 | D:3      | Reached skill level 4 in Unarmed Combat
  2384 | D:3      | Noticed Natasha
  2386 | D:3      | Mangled by a kobold

Illustrated notes

Levels and vault maps discovered:
D:1:      roderic_octagonal_star, layout_basic, basic_ecumenical_altar,
          chequers_garden
D:2:      layout_loops_corners, wad_orctagon
D:3:      layout_loops_ring, chequers_serial_rivers_marsh,
          chequers_serial_rivers_small_3, kennysheep_another_room, uniq_natasha

Skill      XL: |  1  2  3  4 |
---------------+-------------+-----
Unarmed Combat | 3 4 |  4.0
Fighting       | |  2.8
Armour         | |  2.6
Stealth        | |  0.1
Shields        | |  2.9

Action                   |  1- 3 |  4- 6 || total
-------------------------+-------+-------++-------
Melee: Unarmed           |   132 |    31 ||   163
       Bite              |    32 |    11 ||    43
  Use: Scroll            |     4 |     1 ||     5
Armor: Scale mail        |    61 |     9 ||    70
Dodge: Dodged            |    40 |     9 ||    49
Block: Kite shield       |    57 |    10 ||    67
